 Dungeon Crawl Stone Soup version 0.29-a0-320-g9f8742066b (webtiles) character file.

Game seed: 5664139532213693115

225 experimilk the Twirler (level 5, -5/43 HPs)
             Began as a Palentonga Abyssal Knight on Apr 2, 2022.
             Was an Elder of Lugonu.
             Slain by a worm (9 damage)
             ... on level 4 of the Dungeon.
             The game lasted 00:12:01 (3865 turns).

experimilk the Twirler (Palentonga Abyssal Knight)  Turns: 3865, Time: 00:12:01

Health: -5/43      AC:  7    Str: 18    XL:     5   Next: 68%
Magic:  5/6        EV:  9    Int: 10    God:    Lugonu [****..]
Gold:   145        SH:  0    Dex: 11    Spells: 4/4 levels left

rFire   . . .      SeeInvis +   f - staff of poison
rCold   . . .      Faith    .   (no shield)
rNeg    . . .      Spirit   .   b - +0 leather armour
rPois   +          Reflect  .   o - +0 helmet
rElec   .          Harm     .   e - +0 cloak
rCorr   .          Rampage  .   m - +0 pair of gloves
Will    .....                   (no barding)
Stlth   +.........              (no amulet)
HPRegen 0.14/turn               (no ring)
MPRegen 0.10/turn               (no ring)

@: hasted, very quick
A: large, rugged brown scales 3, see invisible, deformed body, roll 1, armoured
tail
a: Rolling Charge, Renounce Religion, Depart the Abyss, Bend Space, Banish,
Corrupt


You were on level 4 of the Dungeon.
You worshipped Lugonu.
Lugonu was greatly pleased with you.
You visited 1 branch of the dungeon, and saw 4 of its levels.
You visited the Abyss 1 time.

You collected 145 gold pieces.

Inventory:

Hand Weapons
 a - a +1 mace
 k - the +6 spear "Ogreslayer" {elec, rElec}
   (You took it off an orc on level 4 of the Dungeon)

   It occasionally discharges a powerful burst of electricity upon striking a
   foe.
   rElec:     It insulates you from electricity.
Armour
 b - a +0 leather armour (worn)
 e - a +0 cloak (worn)
 m - a +0 pair of gloves (worn)
 o - a +0 helmet (worn)
 u - a +0 animal skin
Magical Staves
 f - a staff of poison (weapon)
Scrolls
 c - a scroll of fear {unknown}
 d - a scroll of amnesia {unknown}
 g - a scroll of summoning {unknown}
 i - a scroll of enchant weapon {unknown}
 j - a scroll of vulnerability {unknown}
 l - 2 scrolls of teleportation {unknown}
 p - a scroll of silence {unknown}
 q - a scroll of fog {unknown}
Potions
 h - a potion of flight
 n - a potion of lignification
 s - a potion of heal wounds {unknown}
 t - a potion of curing


   Skills:
 - Level 3.0 Fighting
 - Level 3.6(4.4) Maces & Flails
 * Level 3.7(4.4) Staves
 - Level 1.5 Armour
 - Level 0.7 Dodging
 + Level 1.9 Poison Magic
 - Level 2.0 Invocations


You had 4 spell levels left.
You didn't know any spells.
Your spell library contained the following spells:

 Spells                   Type           Power      Damage    Failure   Level
 Sandblast                Erth           0%         2d4       41%         1
 Passwall                 Tmut/Erth      0%         N/A       56%         2
 Sublimation of Blood     Necr           0%         N/A       56%         2
 Wereblood                Tmut           0%         N/A       56%         2
 Stone Arrow              Conj/Erth      0%         3d7       80%         3
 Animate Dead             Necr           0%         N/A       99%         4
 Borgnjor's Vile Clutch   Necr/Erth      0%         N/A       100%        5
 Death Channel            Necr           0%         N/A       100%        6
 Summon Hydra             Summ           0%         N/A       100%        7


Dungeon Overview and Level Annotations

Branches:
Dungeon (4/15)
 Temple: D:4-7

Altars:
Trog
Wu Jian


Innate Abilities, Weirdness & Mutations

You are completely covered in rugged brown scales. (AC +3, +7% HP)
You have supernaturally acute eyesight. (SInv)
Armour fits poorly on your strangely shaped body.
You can roll at nearby foes to attack.
You have a long armoured tail.


Message History

You hear a shout!
You hear an angry growl.
Unknown command.
You hit the worm. Your punch misses the worm.
The worm is lightly wounded.
The worm barely misses you.
You hit the worm but do no damage. The worm bites you but does no damage.
You hit the worm.
The worm is moderately wounded.
You hit the worm. You tail-slap the worm.
The worm is heavily wounded.
The worm bites you but does no damage.
You hit the worm.
The worm is severely wounded.
A black bear comes into view.
You hit the worm but do no damage.
The worm is severely wounded.
The worm bites you!
You hit the worm.
The worm is severely wounded.
A hobgoblin comes into view.
The worm bites you.
Okay, then.
You hit the worm.
The worm is almost dead.
You barely miss the worm.
The worm is almost dead.
The worm bites you.
You barely miss the worm.
The worm is almost dead.
You hit the worm but do no damage.
The worm is almost dead.
The worm bites you.
* * * LOW HITPOINT WARNING * * *
Really quaff the potion of lignification?
Okay, then.
You feel yourself speed up. The black bear bites you!
* * * LOW HITPOINT WARNING * * *
The black bear claws you but does no damage.
The black bear misses you. The worm bites you!
You die...

#≈≈≈........#
#≈≈≈≈.......#
#≈≈≈....._♣.#
#≈≈≈...(.)..#
#≈.......(..# #
######.######
####.###.#.#.#
.........#o..#####
#...h@wo..#...
.......###g#.#.#
:...... #.#)§.#
....... #.....#
....... #####.#
....... .# .......
## .......


You could see a black bear, a worm, 2 orcs and a hobgoblin.

Vanquished Creatures
  Blork the orc (D:4)
  Robin (D:3)
  2 adders (D:2)
  3 worms
  3 dart slugs (D:1)
  11 orcs
  8 ball pythons
  5 bats
  5 endoplasms
  3 giant cockroaches
  8 hobgoblins
  8 jackals
  2 quokkas
  3 frilled lizards
  12 goblins
  8 kobolds
  4 rats
  A spectral goblin (D:1)
88 creatures vanquished.

Notes
Turn   | Place    | Note
-------+----------+-------------------------------------------
     0 | Abyss:1  | experimilk the Palentonga Abyssal Knight began the quest
                  | for the Orb.
     0 | Abyss:1  | Reached XP level 1. HP: 19/19 MP: 2/2
     1 | Abyss:1  | Found a corrupted altar of Lugonu.
    11 | D:1      | Escaped the Abyss
   108 | D:1      | Reached XP level 2. HP: 16/25 MP: 3/3
   227 | D:1      | Found a faded altar of an unknown god.
  1018 | D:1      | Reached XP level 3. HP: 26/31 MP: 4/4
  1109 | D:1      | Reached *** piety under Lugonu
  1223 | D:2      | Reached skill level 1 in Staves
  1479 | D:2      | Found a bloodstained altar of Trog.
  1870 | D:2      | Reached XP level 4. HP: 32/37 MP: 5/5
  2288 | D:3      | Noticed Robin
  2319 | D:3      | Reached skill level 1 in Poison Magic
  2359 | D:3      | Killed Robin
  2721 | D:3      | Reached **** piety under Lugonu
  3144 | D:3      | Reached XP level 5. HP: 43/43 MP: 6/6
  3581 | D:4      | Noticed Blork the orc
  3606 | D:4      | Killed Blork the orc
  3731 | D:4      | Identified the +6 spear "Ogreslayer" {elec, rElec}
  3821 | D:4      | Found an ornate altar of the Wu Jian Council.
  3858 | D:4      | Noticed a black bear
  3865 | D:4      | Slain by a worm

Illustrated notes

Levels and vault maps discovered:
D:1:      erik_arrival_blinker_ship, layout_rooms,
          dreamdust_ecumenical_altar_drowned_temple
D:2:      layout_rooms, basic_altar
D:3:      layout_basic, uniq_robin
D:4:      layout_basic, gammafunk_temple_overflow_claw,
          nicolae_overflow_hallway_of_the_gods, nzn_wu_jian_contemplation,
          minmay_temple_entry_junction, minmay_starry_boxes, uniq_blork_the_orc,
          uniq_natasha

Skill      XL: |  1  2  3  4  5 |
---------------+----------------+-----
Maces & Flails | 3 |  3.6
Staves         | 1 2 3 |  3.7
Poison Magic   | 1 |  1.9
Fighting       | |  3.0
Armour         | |  1.5
Dodging        | |  0.7
Invocations    | |  2.0

Action                   |  1- 3 |  4- 6 || total
-------------------------+-------+-------++-------
Melee: Mace              |    51 |       ||    51
       Tailslap          |    12 |    22 ||    34
       Punch             |     2 |     1 ||     3
       Staff             |    84 |   208 ||   292
Invok: Bend Space        |     9 |    10 ||    19
 Abil: Rolling Charge    |    20 |    22 ||    42
  Use: Potion            |     2 |     4 ||     6
       Scroll            |       |     4 ||     4
Armor: Leather armour    |    80 |    76 ||   156
       Skin              |       |    27 ||    27
Dodge: Dodged            |    86 |    76 ||   162

Table legend: (Time is in decaauts)
 A = Elapsed time spent in this place.
 B = Non-inter-level travel time spent in this place.
 C = Inter-level travel time spent in this place.
 D = Time resting spent in this place.
 E = Time spent auto-exploring this place.
 F = Levels seen in this place.
 G = Mean time per level.
                   A        B        C        D        E       F      G
               +--------+--------+--------+--------+--------+-----+--------+
         Total |   3908 |   3794 |    114 |   1906 |    634 |   5 |  781.6 |
       Dungeon |   3897 |   3783 |    114 |   1906 |    633 |   4 |  974.2 |
         Abyss |     11 |     11 |      0 |      0 |      1 |   1 |   11.0 |
               +--------+--------+--------+--------+--------+-----+--------+

Top non-repeatable levels by time:
     D:3: 1401 daAuts
     D:1: 1216 daAuts
     D:2: 996 daAuts
     D:4: 283 daAuts
 Abyss:1: 11 daAuts
